 Dungeon Crawl Stone Soup version 0.18.1-1-g2f07953 (webtiles) character file.

1344 namelastname112 the Conjurer (level 8, 0/57 HPs)
             Began as a White Draconian Conjurer on May 7, 2016.
             Was an Initiate of Vehumet.
             Slain by an orc warrior
             ... wielding a +2 vampiric trident
              (11 damage)
             ... on level 5 of the Dungeon.
             The game lasted 00:10:33 (5845 turns).

namelastname112 the Conjurer (DrCj)                 Turns: 5845, Time: 00:10:34

Health: 0/57       AC:  9    Str: 11    XL:     8   Next: 36%
Magic:  12/17      EV: 12    Int: 18    God:    Vehumet [......]
Gold:   219        SH:  3    Dex: 11    Spells: 3 memorised, 11 levels left

rFire  . . .     SeeInvis .     E - +4 quarterstaff (chaos)
rCold  + . .     Gourm    .     (armour unavailable)
rNeg   + . .     Faith    .     (shield currently unavailable)
rPois  .         Spirit   .     g - +2 hat
rElec  .         Dismiss  .     D - +0 cloak
rCorr  .         Reflect  +     (no gloves)
SustAt .         Harm     .     (no boots)
MR     .....                    p - +3 amulet of reflection
Stlth  +++.......               t - ring of positive energy
                                o - ring of stealth

@: lethally poisoned (0 -> -4), short of breath, not resistant to hostile
enchantments, fairly stealthy
A: breathe frost, unfitting armour, cold resistance 1, cold-blooded, AC +6
a: Breathe Frost, Renounce Religion


You were on level 5 of the Dungeon.
You worshipped Vehumet.
Vehumet was noncommittal.
You were not hungry.

You visited 2 branches of the dungeon, and saw 6 of its levels.

You collected 219 gold pieces.

Inventory:

Hand Weapons
 E - a +4 quarterstaff of chaos (weapon)
Armour
 g - a +2 hat (worn)
 D - a +0 cloak (worn)
Jewellery
 o - a ring of stealth (left hand)
 p - a +3 amulet of reflection (around neck)
 t - a ring of positive energy (right hand)
Wands
 w - a wand of confusion (45/48)
Scrolls
 c - 3 scrolls of enchant weapon
 d - a scroll of fog
 e - 2 scrolls of identify
 f - 2 scrolls of recharging
 i - a scroll of magic mapping
 l - a scroll of remove curse
 q - a scroll of teleportation
 r - a scroll of fear
 u - 4 scrolls of immolation
Potions
 k - 2 potions of curing
 m - a potion of flight
 n - 3 potions of agility
 v - a potion of haste
 A - a potion of lignification
Books
 a - a book of Conjurations

   Spells                             Type                      Level
   a - Magic Dart                     Conjuration                  1
   b - Searing Ray                    Conjuration                  2
   c - Dazzling Spray                 Conjuration/Hexes            3
   d - Fulminant Prism                Conjuration/Hexes            4
   e - Iskenderun's Mystic Blast      Conjuration                  4
   f - Iskenderun's Battlesphere      Conjuration/Charms           5
 y - a book of the Sky

   Spells                             Type                      Level
   a - Summon Lightning Spire         Summoning/Air                4
   b - Airstrike                      Air                          4
   c - Silence                        Hexes/Air                    5
   d - Deflect Missiles               Charms/Air                   6
   e - Conjure Ball Lightning         Conjuration/Air              6
   f - Tornado                        Air                          9
Comestibles
 b - 4 bread rations
 h - 2 meat rations
 s - 2 royal jellies
 x - 3 fruits


   Skills:
 - Level 1.7 Dodging
 - Level 1.7 Stealth
 + Level 6.0 Spellcasting
 + Level 7.6 Conjurations
 + Level 4.2 Charms


You had 11 spell levels left.
You knew the following spells:

 Your Spells              Type           Power        Failure   Level  Hunger
a - Iskenderun's Battles  Conj/Chrm      ####....     34%         5    #####..
x - Searing Ray           Conj           ####..       1%          2    None
z - Magic Dart            Conj           ####         1%          1    None


Dungeon Overview and Level Annotations

Branches:
Dungeon (5/15)             Temple (1/1) D:4

Altars:
Dithmenos
Elyvilon
Makhleb
Nemelex Xobeh
Okawaru
Qazlal
Trog
Vehumet
Yredelemnul
Zin
The Shining One


Innate Abilities, Weirdness & Mutations

You can breathe waves of freezing cold.
You can buffet flying creatures when you breathe cold.
Your icy white scales are hard (AC +6).
Your body does not fit into most forms of armour.
Your flesh is cold resistant.
You are cold-blooded and may be slowed by cold attacks.


Message History

The freezing breath hits the orc.
You kill the orc!
Vehumet accepts your kill.
You feel somewhat more hungry.
You feel sick. The water moccasin barely misses you. Something hits you!
* * * LOW HITPOINT WARNING * * *
The water moccasin barely misses you.
You take 9 damage, and have 17/57 hp.
You feel sick.
You take 1 damage, and have 16/57 hp.
Evoke which item? (* to show all) (? for menu, Esc to quit)
Zapping:
w - a wand of confusion {recharged} (will waste charges)
Press: ? - help, Shift-Dir - straight line, f/p - water moccasin
Aim: a water moccasin (severely wounded, chance to defeat MR: 46%)
The water moccasin appears confused.
Evoking this partially-identified wand wasted a few charges.
You feel sick. The water moccasin bites you.
* * * LOW HITPOINT WARNING * * *
Something hits you!
You die...

# #######...'...'...
.##.....#...#...#....##
..........###._.# #....
.........o# #### .....
.........o# A# #.....
.........o# ## ....
..........# ##..
..........######S##.#
...........)....@...#
.........########.......
.##......### ...........
# ##.......##.......#.##
#........#..>....# #
#................# ###.
#.....##.........# ....#
# #####....#.......#
#...## ## ####.........#
##....###.


You could see a water moccasin (confused).

Vanquished Creatures
  Sigmund (D:2)
  Duvessa (D:4)
  4 ogres
  Dowan (D:4)
  3 scorpions
  A centaur zombie (D:5)
  2 hounds (D:4)
  A jelly (D:5)
  A giant frog skeleton (D:4)
  A gnoll shaman (D:4)
  2 orc priests (D:5)
  Crazy Yiuf (D:4)
  Jessica (D:3)
  4 worker ants
  A worker ant zombie (D:5)
  3 adders
  5 gnolls (D:4)
  An adder skeleton (D:4)
  4 worms
  2 dart slugs
  2 giant geckos
  10 orcs
  4 bats
  4 giant cockroaches
  11 goblins
  11 hobgoblins
  7 jackals (D:3)
  A quokka (D:4)
  2 ball pythons (D:4)
  3 giant newts
  A jackal skeleton (D:4)
  8 kobolds
  A quokka skeleton (D:5)
  7 rats
112 creatures vanquished.

Notes
Turn   | Place    | Note
--------------------------------------------------------------
     0 | D:1      | namelastname112 the Draconian Conjurer began the quest for the Orb.
     0 | D:1      | Reached XP level 1. HP: 14/14 MP: 3/3
     0 | D:1      | jacquesderrida: jacquesderrida the Demolition Demonspawn
     0 | D:1      | jacquesderrida: ЧЕ НАМИР ЧЕ
     0 | D:1      | jacquesderrida: ДЕМА ЛИ ШЕН
     0 | D:1      | namelastname112: это тайтл инвокаций
     0 | D:1      | jacquesderrida: Да...
     0 | D:1      | namelastname112: у хлебушка
   173 | D:1      | Reached XP level 2. HP: 20/20 MP: 1/5
   187 | D:1      | jacquesderrida: деманов призывать хорошо, даже без оружия все умирают....
   210 | D:1      | Learned a level 2 spell: Searing Ray
   897 | D:1      | Reached XP level 3. HP: 26/26 MP: 4/7
  2284 | D:3      | Noticed Sigmund
  2308 | D:2      | Killed Sigmund
  2308 | D:2      | Reached skill level 5 in Conjurations
  2308 | D:2      | Reached XP level 4. HP: 18/33 MP: 1/10
  2308 | D:2      | Reached XP level 5. HP: 21/38 MP: 1/11
  2457 | D:3      | Noticed Jessica
  2461 | D:3      | Killed Jessica
  2598 | D:3      | Learned a level 5 spell: Iskenderun's Battlesphere
  2656 | D:3      | Reached XP level 6. HP: 45/45 MP: 10/12
  3054 | D:4      | Found a bloodstained altar of Trog.
  3104 | D:4      | Found a basalt altar of Yredelemnul.
  3158 | D:4      | Reached skill level 6 in Conjurations
  3158 | D:4      | Reached skill level 1 in Charms
  3749 | D:4      | Found a staircase to the Ecumenical Temple.
  3848 | D:4      | Noticed Dowan
  3867 | D:4      | Killed Dowan
  3871 | D:4      | Your scales start taking on an icy white colour.
  3871 | D:4      | Reached XP level 7. HP: 40/50 MP: 3/14
  3871 | D:4      | Gained mutation: Your flesh is cold resistant. [White Draconian growth]
  3960 | D:4      | Noticed Duvessa
  3993 | D:4      | Killed Duvessa
  4207 | D:4      | Found a sparkling altar of Nemelex Xobeh.
  4229 | D:4      | Reached skill level 5 in Spellcasting
  4447 | D:4      | Found a white marble altar of Elyvilon.
  4490 | Temple   | Entered the Ecumenical Temple
  4544 | Temple   | Became a worshipper of Vehumet
  4675 | D:4      | Noticed Crazy Yiuf
  4682 | D:4      | Killed Crazy Yiuf
  4827 | D:4      | Reached skill level 7 in Conjurations
  4989 | D:5      | Entered Level 5 of the Dungeon
  5098 | D:4      | Reached XP level 8. HP: 24/57 MP: 11/16
  5818 | D:5      | Found a burning altar of Makhleb.
  5821 | D:5      | Noticed an Executioner
  5823 | D:5      | Found a glowing silver altar of Zin.
  5823 | D:5      | Noticed an angel
  5845 | D:5      | Slain by an orc warrior

Skill      XL: |  1  2  3  4  5  6  7  8 |
---------------+-------------------------+-----
Spellcasting   | 4 5 6 |  6.0
Conjurations   | 5 6 7 |  7.6
Charms         | 2 3 4 |  4.2
Dodging        | |  1.7
Stealth        | |  1.7

Action                   |  1- 3 |  4- 6 |  7- 9 || total
-------------------------+-------+-------+-------++-------
Melee: Dagger            |    52 |     7 |    20 ||    79
       Unarmed           |     1 |       |       ||     1
       Tailslap          |     5 |     1 |     2 ||     8
       Quarterstaff      |       |       |     7 ||     7
 Cast: Magic Dart        |    75 |    70 |    81 ||   226
       Searing Ray       |     5 |    10 |    16 ||    31
 Abil: Breathe Frost     |       |       |     4 ||     4
Evoke: Wand              |       |       |     2 ||     2
  Use: Potion            |     3 |       |       ||     3
       Scroll            |       |       |    13 ||    13
 Stab: Sleeping          |     1 |       |       ||     1
       Confused          |       |       |     2 ||     2
  Eat: Chunk             |     5 |     5 |     7 ||    17
Armor: Skin              |    20 |    10 |    25 ||    55
Dodge: Dodged            |    51 |    23 |    43 ||   117
Block: Other             |       |     2 |    12 ||    14
